 Dungeon Crawl Stone Soup version 0.26.1-11-gd32895ea62 (webtiles) character file.

Game seed: 9499122737815217930

57 Zeld the Sneak (level 4, 0/29 HPs)
             Began as an Octopode Brigand on May 15, 2021.
             Asphyxiated
             ... on level 3 of the Dungeon.
             The game lasted 00:01:38 (1113 turns).

Zeld the Sneak (Octopode Brigand)                   Turns: 1113, Time: 00:01:39

Health: 0/29       AC:  1    Str: 11    XL:     4   Next: 0%
Magic:  6/6        EV: 13    Int: 13    God:
Gold:   100        SH:  0    Dex: 13    Spells: 6/6 levels left

rFire    . . .     SeeInvis .   d - +4 dagger
rCold    . . .     Faith    .   (no shield)
rNeg     . . .     Spirit   .   (helmet restricted)
rPois    .         Reflect  .   (no amulet)
rElec    .         Harm     .   (no ring)
rCorr    .         Rampage  .   (no ring)
Will     .....                  (no ring)
Stlth    ++++......             (no ring)
HPRegen  0.09/turn              (no ring)
MPRegen  0.10/turn              (no ring)
                                (no ring)
                                (no ring)

@: lethally poisoned (0 -> -37), slowed, very slow
A: almost no armour, stealthy swim, amphibious, 8 rings, constrict 8, camouflage
1, gelatinous body 1
a: no special abilities


You were on level 3 of the Dungeon.
You visited 1 branch of the dungeon, and saw 3 of its levels.

You collected 100 gold pieces.

Inventory:

Hand Weapons
 a - a +2 dagger
 d - a +4 dagger (weapon)
Missiles
 b - 8 poisoned darts (quivered)
 c - 2 curare-tipped darts
Jewellery
 o - a cursed amulet of inaccuracy {unknown}
Scrolls
 e - a scroll of enchant armour {unknown}
 f - a scroll of noise {unknown}
 g - 3 scrolls of identify {unknown}
 j - a scroll of fear {unknown}
 l - a scroll of enchant weapon {unknown}
Potions
 h - a potion of curing {unknown}
 i - 2 potions of attraction {unknown}
 k - a potion of cancellation {unknown}
 m - a potion of lignification {unknown}
 n - 3 potions of degeneration {unknown}


   Skills:
 - Level 2.0 Fighting
 - Level 2.0 Short Blades
 * Level 3.6 Throwing
 - Level 1.0 Dodging
 - Level 5.3 Stealth
 + Level 1.5 Spellcasting


You had 6 spell levels left.
You didn't know any spells.
Your spell library was empty.

Dungeon Overview and Level Annotations

Branches:
Dungeon (3/15)

Altars:
Elyvilon
Gozag
Nemelex Xobeh
Sif Muna


Innate Abilities, Weirdness & Mutations

You cannot wear most types of armour.
You are very stealthy in the water. (Stealth+)
You are amphibious.
You can wear up to eight rings at the same time.
You can use your tentacles to constrict eight enemies at once.
Your skin changes colour to match your surroundings (Stealth+).
Your rubbery body absorbs attacks. (AC +1, EV +1)


Message History

Deactivating autopickup; reactivate with Ctrl-A.
A curare-tipped dart appears from out of thin air!
The curare-tipped dart hits you.
You are lethally poisoned!
You have difficulty breathing.
You feel as though you will be slow longer.
You feel sick.
A curare-tipped dart appears from out of thin air!
The curare-tipped dart hits you.
You are more poisoned.
You have difficulty breathing.
You feel as though you will be slow longer.
You see here a curare-tipped dart.
* * * LOW HITPOINT WARNING * * *
You feel very sick.
A curare-tipped dart appears from out of thin air!
The curare-tipped dart hits you.
You are more poisoned.
You have difficulty breathing.
You die...

##. # ..)# #.
##############.# .# #..
#....(g..g.g...###.#..#
#.#..(####?....gl.#.#.#
#.#...@.....≈≈≈≈≈.....#
#.#...##..$####≈≈≈≈..##
#.#...#..##.#.###≈≈≈..#
#.#.{.#.≈≈##..#.#≈≈≈≈.#
#.#.....≈≈#.....#≈≈≈≈..
#.##...≈≈≈#####.#≈≈≈≈≈.
#.##...≈≈≈≈≈≈≈#.######.
#†##...≈≈≈≈≈≈≈#........
#.##<..≈≈≈≈≈≈≈#.######.


There were no monsters in sight!

Vanquished Creatures
  An adder (D:3)
  A dart slug (D:3)
  2 leopard geckos (D:3)
  5 orcs (D:2)
  A giant cockroach (D:3)
  A goblin (D:3)
  2 hobgoblins
  5 jackals (D:1)
  A quokka (D:2)
  A ball python (D:3)
  5 bats
  6 frilled lizards
  4 kobolds
  4 rats
39 creatures vanquished.

Notes
Turn   | Place    | Note
-------+----------+-------------------------------------------
     0 | D:1      | Zeld the Octopode Brigand began the quest for the Orb.
     0 | D:1      | Reached XP level 1. HP: 14/14 MP: 1/1
     6 | D:1      | Noticed a hog
     6 | D:1      | Noticed a redback
     6 | D:1      | Noticed an anaconda
     6 | D:1      | Noticed a wyvern
    76 | D:1      | Reached XP level 2. HP: 13/19 MP: 2/2
   445 | D:2      | Found a white marble altar of Elyvilon.
   449 | D:2      | Found a shimmering blue altar of Sif Muna.
   454 | D:2      | Found a sparkling altar of Nemelex Xobeh.
   507 | D:2      | Reached skill level 1 in Spellcasting
   512 | D:2      | Reached XP level 3. HP: 24/24 MP: 4/4
   679 | D:3      | Found an opulent altar of Gozag.
  1093 | D:3      | Reached XP level 4. HP: 29/29 MP: 6/6
  1113 | D:3      | Asphyxiated

Illustrated notes

Levels and vault maps discovered:
D:1:      onia_arrival_zoo_common, layout_rooms, amcnicky_mini_corridor_feature,
          minmay_crystal_room
D:2:      layout_rooms, minmay_overflow_temple_star_quad,
          fedhas_altar_fruit_tree
D:3:      layout_loops_ring, grunt_gozag_breadcrumbs,
          nicolae_overflow_hidden_temple, grunt_decor_junction

Skill      XL: |  1  2 |
---------------+-------+-----
Spellcasting   | 1 |  1.5
Throwing       | 3 |  3.6
Fighting       | |  2.0
Short Blades   | |  2.0
Dodging        | |  1.0
Stealth        | |  5.3

Action                   |  1- 3 |  4- 6 || total
-------------------------+-------+-------++-------
Melee: Dagger            |    70 |       ||    70
       Constrict         |    21 |       ||    21
       Tentacles         |     6 |       ||     6
 Stab: Sleeping          |     6 |       ||     6
Armor: Skin              |     7 |       ||     7
Dodge: Dodged            |    63 |     1 ||    64
